 Dungeon Crawl Stone Soup version 0.29.1-12-g30fa7ad0bf (webtiles) character file.

Game seed: 7257697264887107128

17511 DildoBatman the Geomancer (level 12, -3/86 (89) HPs)
             Began as a Formicid Conjurer on Dec 28, 2022.
             Was an Elder of Kikubaaqudgha.
             Slain by a spectral orc knight
             ... wielding a +0 great mace
             ... summoned by Nergalle
              (18 damage)
             ... on level 12 of the Dungeon on Dec 29, 2022.
             The game lasted 00:38:19 (12255 turns).

DildoBatman the Geomancer (Formicid Conjurer)      Turns: 12255, Time: 00:38:19

HP:   -3/86 (89)    AC: 10    Str: 10    XL:     12   Next: 83%
MP:   14/33         EV: 13    Int: 28    God:    Kikubaaqudgha [****..]
Gold: 692           SH:  0    Dex: 11    Spells: 15/28 levels left

rFire   . . .      SeeInvis +   b - +0 shortbow
rCold   . . .      Faith    +   (no shield)
rNeg    . . .      Spirit   .   q - +2 robe {Will+}
rPois   .          Reflect  .   (helmet unavailable)
rElec   .          Harm     .   l - +0 cloak
rCorr   .          Rampage  .   R - +0 pair of gloves
Will    ++...                   S - +2 pair of boots
Stlth   ++........              T - amulet of faith
HPRegen 0.24/turn               j - ring of magical power
MPRegen 0.23/turn               M - ring of wizardry

@: lightly drained, unable to drink
A: permanent stasis, dig shafts and tunnels, antennae 3, four strong arms,
clever 1, inability to drink after injury 1
a: Dig, Shaft Self, Renounce Religion, Unearth Wretches


You were on level 12 of the Dungeon.
You worshipped Kikubaaqudgha.
Kikubaaqudgha was greatly pleased with you.
You visited 2 branches of the dungeon, and saw 13 of its levels.

You collected 692 gold pieces.

Inventory:

Hand Weapons
 a - a +2 long sword of freezing
 b - a +0 shortbow (weapon)
 c - a +2 short sword of electrocution
 d - a +2 short sword of protection
Missiles
 y - 4 javelins
 H - 2 throwing nets
Armour
 l - a +0 cloak (worn)
 n - +0 fire dragon scales
 q - a +2 robe of willpower (worn)
 s - a +0 buckler
 P - the +18 Lear's hauberk
   (You found it on level 8 of the Dungeon)
 R - a +0 pair of gloves (worn)
 S - a +2 pair of boots (worn)
Magical Staves
 A - a staff of earth
Jewellery
 g - an amulet of reflection
 j - a ring of magical power (left hand)
 D - a ring of ice
 J - a ring of positive energy
 M - a ring of wizardry (right hand)
 T - an amulet of faith (around neck)
Wands
 o - a wand of digging (5)
 F - a wand of flame (28)
 G - a wand of roots (11)
 N - a wand of paralysis (20)
 O - a wand of quicksilver (3)
Scrolls
 e - 5 scrolls of vulnerability {unknown}
 h - 3 scrolls of immolation
 i - 3 scrolls of noise {unknown}
 m - 4 scrolls of teleportation {unknown}
 t - 5 scrolls of fear
 v - 3 scrolls of butterflies {unknown}
 w - a scroll of silence {unknown}
 z - 2 scrolls of identify
 C - 2 scrolls of magic mapping
 E - 2 scrolls of enchant armour {unknown}
 L - a scroll of amnesia {unknown}
 Q - 2 scrolls of poison {unknown}
Potions
 f - 3 potions of cancellation
 k - a potion of berserk rage {unknown}
 p - 5 potions of resistance
 r - 3 potions of might {unknown}
 u - 9 potions of curing
 x - 4 potions of heal wounds
 B - 2 potions of flight
 I - 6 potions of brilliance
 K - 2 potions of lignification


   Skills:
 - Level 6.6 Fighting
 - Level 6.6 Armour
 - Level 5.2 Dodging
 - Level 2.4 Stealth
 * Level 1.9 Shields
 * Level 8.9 Spellcasting
 - Level 6.0 Conjurations
 * Level 10.7 Necromancy
 * Level 11.2 Earth Magic


You had 15 spell levels left.
You knew the following spells:

 Your Spells              Type           Power      Damage    Failure   Level
a - Borgnjor's Vile Clut  Necr/Erth      32%        N/A       1%          5
c - Searing Ray           Conj           92%        2d7       1%          2
d - Vampiric Draining     Necr           64%        2d10      1%          3
e - Magic Dart            Conj           100%       1d8       1%          1
z - Sublimation of Blood  Necr           64%        N/A       1%          2

Your spell library contained the following spells:

 Spells                   Type           Power      Damage    Failure   Level
 Necrotise                Necr           100%       1d9       1%          1
 Shock                    Conj/Air       100%       1d9       1%          1
 Sting                    Tmut/Pois      48%        1d5       1%          1
 Dazzling Flash           Conj/Hex       58%        N/A       1%          3
 Anguish                  Hex/Necr       21%        N/A       1%          4
 Leda's Liquefaction      Hex/Erth       21%        N/A       1%          4
 Agony                    Necr           64%        N/A       1%          5
 Poisonous Vapours        Pois/Air       24%        N/A       2%          2
 Mephitic Cloud           Conj/Pois/Air  23%        N/A       2%          3
 Death Channel            Necr           32%        N/A       3%          6
 Corpse Rot               Necr/Pois/Air  32%        N/A       4%          4
 Fulminant Prism          Conj/Hex       14%        3d9       5%          4
 Hailstorm                Conj/Ice       29%        3d8       5%          4
 Iskenderun's Mystic Bla  Conj/Tloc      29%        2d7       5%          4
 Call Canine Familiar     Summ           12%        N/A       6%          3
 Ignite Poison            Fire/Tmut/Pois 12%        N/A       6%          3
 Portal Projectile        Hex/Tloc       24%        N/A       6%          3
 Tukima's Dance           Hex            12%        N/A       6%          3
 Airstrike                Air            6%         2d(1-17)  17%         4
 Ice Form                 Ice/Tmut       12%        N/A       17%         4
 Olgreb's Toxic Radiance  Pois           12%        N/A       17%         4
 Passage of Golubria      Tloc           12%        N/A       17%         4
 Freezing Cloud           Conj/Ice/Air   11%        6-21      22%         5
 Simulacrum               Ice/Necr       21%        N/A       28%         6
 Yara's Violent Unravell  Hex/Tmut       6%         3d5       43%         5
 Polar Vortex             Ice            6%         N/A       100%        9
 Swiftness                Air            Unusable   N/A       N/A         3

Dungeon Overview and Level Annotations

Branches:
Dungeon (12/15)            Temple (1/1) D:7            Lair (0/5) D:9
    Orc: D:9-12

Altars:
Ashenzari
Cheibriados
Dithmenos
Elyvilon
Fedhas
Gozag
Hepliaklqana
Kikubaaqudgha
Makhleb
Nemelex Xobeh
Okawaru
Qazlal
Ru
Sif Muna
Trog
Uskayaw
Vehumet
Wu Jian
Xom
Yredelemnul
Zin
The Shining One

Shops:
D:7 (

Annotations:
D:5 1 runed translucent door, Rrauwl's ghost, novice BaSu
D:12 Nergalle


Innate Abilities, Weirdness & Mutations

You cannot be hasted, slowed, berserked, paralysed or teleported.
You can dig through walls and to a lower floor.
You have a pair of large antennae on your head. (SInv)
Your four strong arms can wield two-handed weapons with a shield.
Your mind is acute. (Int +4, Str/Dex -1)
You occasionally lose the ability to drink potions when taking damage.


Message History

Nergalle struggles to escape constriction.
The zombie hands constrict Nergalle!
Nergalle struggles to escape constriction.
Your +2 long sword of freezing stops glowing.
b - a +0 shortbow (weapon)
The zombie hands constrict Nergalle, but do no damage.
You shoot an arrow.
The arrow hits Nergalle but does no damage.
Nergalle is lightly wounded.
The zombie hands constrict Nergalle.
Nergalle escapes!
Nergalle casts a spell at you.
Orcish apparitions take form around you.
Casting: Borgnjor's Vile Clutch (dangerous; 1% risk of failure)
Confirm with . or Enter, or press ? or * to list all spells.
Aiming: Borgnjor's Vile Clutch (dangerous; 1% risk of failure)
Press: ? - help, Shift-Dir - straight line, f/p - Nergalle
Aim: Nergalle, wielding a +0 dagger of freezing and wearing a +1 robe of willpower (moderately wounded, 100% to hit)
The spectral orc knight is unaffected.
Zombie hands grab Nergalle.
The zombie hands constrict Nergalle.
Nergalle struggles to escape constriction.
The spectral orc knight hits you with a +0 great mace!
The spectral orc warrior completely misses you.
The spectral orc knight closely misses you.
The zombie hands constrict Nergalle!
Nergalle gestures at the spectral orc knight while chanting.
The spectral orc knight seems to speed up.
The spectral orc knight hits you from afar with a +0 halberd!
You feel threatened and lose the ability to drink potions!
You extend your mandibles.
You dig through the rock wall.
You feel drained.
The zombie hands lose their grip on something.
You retract your mandibles.
The spectral orc knight attacks as you move away!
The spectral orc knight barely misses you.
The spectral orc knight hits you with a +0 great mace!!
You die...
Kikubaaqudgha rasps: "You have failed me!
Welcome... death!"

#...)..# #......#
#......+ #......#
#......###
#......'.#
#......#.#
#......#.#
#......#@#
####.....ZZ##
..........#######
..........{......
.......).........
.......##........
....o.. #########
....... .....##


You could see Nergalle, a spectral orc warrior (summoned) and a spectral orc
knight (summoned, fast).

Vanquished Creatures
  A fire dragon (D:11)
  5 hydras
  2 two-headed ogres
  A centaur warrior (D:12)
  A boulder beetle (D:11)
  Sonja (D:10)
  Pikel (D:7)
  A deep elf pyromancer (D:12)
  An ugly thing (D:11)
  2 manticores (D:11)
  A cyclops (D:11)
  An unseen horror (D:11)
  A kobold demonologist (D:11)
  Psyche (D:9)
  A troll (D:9)
  Prince Ribbit (D:8)
  Grinder (D:3)
  Sigmund (D:5)
  2 shadows
  8 yaks
  2 wyverns
  3 steam dragons
  5 vampire mosquitoes (D:11)
  2 acid dragons
  3 water moccasins
  7 orc warriors
  A sky beast (D:6)
  An ice beast (D:5)
  A black bear (D:8)
  6 centaurs
  4 lemures (D:7)
  5 kobold brigands
  2 gnoll sergeants
  A scorpion (D:5)
  2 bullfrogs
  2 necrophages
  A wight (D:8)
  5 killer bees
  A howler monkey (D:8)
  2 jellies
  10 hounds
  6 orc priests
  Crazy Yiuf (D:2)
  A gnoll bouda (D:8)
  8 iguanas
  10 orc wizards
  8 adders
  11 gnolls
  A shadow imp (D:7)
  A white imp (D:8)
  3 dart slugs
  45 orcs
  10 endoplasms
  6 giant cockroaches
  6 goblins
  4 hobgoblins
  4 jackals (D:1)
  11 kobolds
  4 quokkas
  5 ball pythons
  4 bats
  4 frilled lizards
  7 rats
260 creatures vanquished.

Notes
Turn   | Place    | Note
-------+----------+-------------------------------------------
     0 | D:1      | DildoBatman the Formicid Conjurer began the quest for the
                  | Orb.
     0 | D:1      | Reached XP level 1. HP: 13/13 MP: 3/3
   232 | D:1      | Reached XP level 2. HP: 18/20 MP: 3/5
   235 | D:1      | Learned a level 2 spell: Searing Ray
   639 | D:1      | Reached skill level 1 in Armour
   685 | D:1      | Reached XP level 3. HP: 25/25 MP: 0/6
   744 | D:1      | Reached skill level 1 in Fighting
   841 | D:1      | Found a faded altar of an unknown god.
  1381 | D:2      | Reached XP level 4. HP: 28/32 MP: 2/8
  2088 | D:2      | Found a runed translucent door.
  2089 | D:2      | Noticed Crazy Yiuf
  2155 | D:3      | Reached XP level 5. HP: 32/38 MP: 3/9
  2900 | D:3      | Noticed Grinder
  3247 | D:4      | Reached XP level 6. HP: 46/46 MP: 4/11
  3713 | D:4      | You fall into a shaft and drop 3 floors!
  3780 | D:7      | Found a staircase to the Ecumenical Temple.
  3785 | Temple   | Entered the Ecumenical Temple
  3785 | Temple   | Found a transporter.
  3785 | Temple   | Found a transporter.
  3790 | Temple   | Found a transporter.
  3790 | Temple   | Found a transporter.
  3977 | Temple   | Became a worshipper of Kikubaaqudgha
  4038 | D:6      | Reached XP level 7. HP: 46/52 MP: 13/13
  4106 | D:6      | Reached skill level 5 in Conjurations
  4126 | D:5      | Entered Level 5 of the Dungeon
  4126 | D:5      | Noticed a water moccasin
  4131 | D:5      | Killed a water moccasin
  4274 | D:4      | Reached skill level 5 in Spellcasting
  4470 | D:4      | Reached XP level 8. HP: 58/58 MP: 15/15
  4669 | D:4      | Learned a level 3 spell: Vampiric Draining
  4705 | D:3      | Killed Grinder
  4706 | D:3      | Reached skill level 1 in Necromancy
  4793 | D:2      | Killed Crazy Yiuf
  4806 | D:2      | You fall into a shaft and drop 2 floors!
  4868 | D:5      | Found a runed translucent door.
  4885 | D:5      | Noticed Rrauwl's ghost (novice BaSu)
  5101 | D:5      | Reached * piety under Kikubaaqudgha
  5101 | D:5      | Received a gift from Kikubaaqudgha
  5105 | D:5      | Learned a level 2 spell: Sublimation of Blood
  5108 | D:5      | Noticed Sigmund
  5298 | D:5      | Killed Sigmund
  5299 | D:5      | Reached XP level 9. HP: 37/63 MP: 15/19
  5422 | D:5      | Reached skill level 5 in Necromancy
  5802 | D:5      | Gained mutation: Your mind is acute. (Int +4, Str/Dex -1)
                  | [potion of mutation]
  5802 | D:5      | Gained mutation: You are somewhat resistant to further
                  | mutation. [potion of mutation]
  6578 | D:6      | Lost mutation: You are somewhat resistant to further
                  | mutation. [potion of mutation]
  6578 | D:6      | Lost mutation: Your mind is acute. (Int +4, Str/Dex -1)
                  | [potion of mutation]
  6578 | D:6      | Gained mutation: Your magical capacity is low. (-10% MP)
                  | [potion of mutation]
  6578 | D:6      | Gained mutation: You have sharp toenails. [potion of
                  | mutation]
  6578 | D:6      | Gained mutation: You are weak. (Str -2) [potion of
                  | mutation]
  6579 | D:6      | Lost mutation: You have sharp toenails. [potion of
                  | mutation]
  6579 | D:6      | Lost mutation: Your magical capacity is low. (-10% MP)
                  | [potion of mutation]
  6579 | D:6      | Lost mutation: You are weak. (Str -2) [potion of mutation]
  6579 | D:6      | Gained mutation: You occasionally lose the ability to drink
                  | potions when taking damage. [potion of mutation]
  6579 | D:6      | Gained mutation: Your mind is acute. (Int +4, Str/Dex -1)
                  | [potion of mutation]
  6961 | D:7      | Found Vukheas's Weapon Shoppe.
  7247 | D:7      | Noticed Pikel
  7420 | D:7      | Killed Pikel
  7421 | D:7      | Reached XP level 10. HP: 57/70 MP: 13/20
  7477 | D:8      | Noticed Prince Ribbit
  7490 | D:8      | Killed Prince Ribbit
  7513 | D:8      | Noticed a two-headed ogre
  7690 | D:8      | Reached ** piety under Kikubaaqudgha
  7743 | D:8      | Found the +18 Lear's hauberk
  8138 | D:8      | Reached skill level 5 in Armour
  8151 | D:8      | Reached skill level 5 in Fighting
  8459 | D:8      | Found a blossoming altar of Fedhas.
  8464 | D:8      | Found a burning altar of Makhleb.
  8467 | D:8      | Found a shadowy altar of Dithmenos.
  8715 | D:8      | Killed a two-headed ogre
  8716 | D:8      | Reached skill level 5 in Dodging
  8716 | D:8      | Reached XP level 11. HP: 63/82 MP: 13/21
  9202 | D:9      | Reached *** piety under Kikubaaqudgha
  9202 | D:9      | Received a gift from Kikubaaqudgha
  9241 | D:9      | Reached skill level 1 in Earth Magic
  9259 | D:9      | Reached skill level 2 in Earth Magic
  9493 | D:9      | Reached skill level 3 in Earth Magic
  9687 | D:9      | Noticed Psyche
  9692 | D:9      | Killed Psyche
  9693 | D:9      | Reached skill level 4 in Earth Magic
  9720 | D:9      | Learned a level 5 spell: Borgnjor's Vile Clutch
  9826 | D:9      | Found a staircase to the Lair.
  9956 | D:9      | Reached skill level 5 in Earth Magic
 10017 | D:10     | Entered Level 10 of the Dungeon
 10340 | D:10     | Reached skill level 6 in Earth Magic
 10415 | D:10     | Noticed Sonja
 10420 | D:10     | Killed Sonja
 10421 | D:10     | Reached skill level 7 in Earth Magic
 10494 | D:10     | Noticed a four-headed hydra
 10509 | D:10     | Killed a four-headed hydra
 10510 | D:10     | Reached skill level 8 in Earth Magic
 10721 | D:11     | Noticed a fire dragon
 10747 | D:11     | Noticed a manticore
 10753 | D:11     | Noticed a six-headed hydra
 10780 | D:11     | Killed a six-headed hydra
 10781 | D:11     | Reached skill level 9 in Earth Magic
 10879 | D:11     | Noticed a boulder beetle
 10894 | D:11     | Killed a manticore
 10909 | D:11     | Noticed a six-headed hydra
 10958 | D:11     | Killed a six-headed hydra
 10959 | D:11     | Reached XP level 12. HP: 61/89 MP: 5/23
 11375 | D:11     | Killed a fire dragon
 11376 | D:11     | Reached skill level 10 in Earth Magic
 11415 | D:11     | Noticed a two-headed ogre
 11419 | D:11     | Killed a two-headed ogre
 11420 | D:11     | Reached skill level 10 in Necromancy
 11457 | D:11     | Killed a boulder beetle
 11461 | D:11     | Reached **** piety under Kikubaaqudgha
 11594 | D:11     | Noticed a five-headed hydra
 11612 | D:11     | Killed a five-headed hydra
 11628 | D:11     | Noticed an eight-headed hydra
 11635 | D:11     | Killed an eight-headed hydra
 11927 | D:11     | Reached skill level 11 in Earth Magic
 12175 | D:12     | Reached skill level 1 in Shields
 12235 | D:12     | Noticed a centaur warrior
 12246 | D:12     | Killed a centaur warrior
 12247 | D:12     | Noticed Nergalle
 12255 | D:12     | Slain by a spectral orc knight

Illustrated notes

Levels and vault maps discovered:
D:1:      evilmike_arrival_plus, layout_loops_cross,
          shapermc_ecumenical_altar_venn, roderic_st_hans_cross,
          minmay_misc_feat_x
D:2:      layout_loops_ring, uniq_crazy_yiuf_cottage
D:3:      layout_basic, uniq_grinder
D:4:      layout_loops_ring, serial_rivers, chequers_serial_rivers_small_a,
          chequers_serial_rivers_micro_c, chequers_serial_rivers_micro_c,
          chequers_serial_rivers_large_a
D:5:      layout_loops_cross, ebering_ghost_sewer_d, uniq_sigmund
D:6:      layout_basic
D:7:      layout_gridville, minmay_temple_entry_wispy, st_stairs_10,
          nicolae_stop_n_shop_2, uniq_pikel
D:8:      layout_basic, minmay_overflow_temple_star_quad, minmay_joined_circles,
          uniq_prince_ribbit1
D:9:      layout_loops_ring, lair_entry_dummy, nicolae_wwwww,
          kennysheep_generic_room_5, uniq_psyche
D:10:     layout_long_grid, minmay_crystal_water, uniq_sonja
D:11:     layout_long_grid, minmay_starry_boxes
D:12:     gammafunk_indiana_jones, layout_basic, hiddenorc1_lemuel,
          nicolae_uskayaw_en_pointe, uniq_nergalle
Temple:   hellmonk_temple_divided_pantheon

Skill      XL: |  1  2  3  4  5  6  7  8  9 10 11 12 |
---------------+-------------------------------------+-----
Dodging        | 2 5 |  5.2
Armour         | 1 2 3 6 |  6.6
Fighting       | 1 2 3 6 |  6.6
Conjurations   | 4 5 6 |  6.0
Spellcasting   | 3 4 5 7 8 |  8.9
Necromancy     | 4 9 10 | 10.7
Earth Magic    | 9 11 | 11.2
Shields        | 1 |  1.9
Stealth        | |  2.4

Action                   |  1- 3 |  4- 6 |  7- 9 | 10-12 || total
-------------------------+-------+-------+-------+-------++-------
Melee: Dagger            |     9 |     7 |       |       ||    16
       Quarterstaff      |       |    31 |    32 |    33 ||    96
       Punch             |       |       |     1 |       ||     1
       Long sword        |       |       |       |    47 ||    47
 Fire: Sling             |       |       |       |     6 ||     6
       Shortbow          |       |       |       |    45 ||    45
 Cast: Magic Dart        |    58 |    48 |    41 |    10 ||   157
       Searing Ray       |     3 |    17 |    54 |    26 ||   100
       Vampiric Draining |       |       |    30 |    73 ||   103
       Sublimation of Bl |       |       |     1 |    11 ||    12
       Borgnjor's Vile C |       |       |       |    59 ||    59
 Abil: Shaft Self        |       |       |     1 |       ||     1
       Dig               |       |       |     2 |     1 ||     3
Evoke: Wand              |       |       |       |     1 ||     1
  Use: Scroll            |       |       |    10 |     4 ||    14
       Potion            |       |       |     4 |     2 ||     6
 Stab: Sleeping          |     1 |     2 |       |     1 ||     4
       Paralysed         |       |       |       |     2 ||     2
Armor: Robe              |     1 |    11 |     8 |    57 ||    77
       Ring mail         |       |       |       |     1 ||     1
Dodge: Dodged            |    16 |    32 |    62 |   143 ||   253
Block: Other             |       |       |       |     6 ||     6
       Reflection        |       |       |       |     3 ||     3
